 Dungeon Crawl Stone Soup version 0.27-a0-797-g27d10ad80f (webtiles) character file.

Game seed: 1625094546061869157

8 wakim the Sneak (level 2, -1/13 HPs)
             Began as a Spriggan Enchanter on Mar 27, 2021.
             Slain by a quokka (5 damage)
             ... on level 1 of the Dungeon.
             The game lasted 00:01:42 (352 turns).

wakim the Sneak (Spriggan Enchanter)                 Turns: 352, Time: 00:01:43

Health: -1/13      AC:  2    Str:  4    XL:     2   Next: 0%
Magic:  6/6        EV: 17    Int: 16    God:
Gold:   0          SH:  0    Dex: 15    Spells: 5/6 levels left

rFire    . . .     SeeInvis +   a - +1 dagger
rCold    . . .     Faith    .   (shield restricted)
rNeg     . . .     Spirit   .   b - +0 robe
rPois    .         Reflect  .   (helmet restricted)
rElec    .         Harm     .   (no cloak)
rCorr    .         Rampage  .   (gloves unavailable)
Will     .....                  (boots unavailable)
Stlth    +++.......             (no amulet)
HPRegen  0.04/turn              (no ring)
MPRegen  0.10/turn              (no ring)

@: very quick
A: very small, no large weapons, unfitting armour, see invisible, speed 3
a: no special abilities


You were on level 1 of the Dungeon.
You visited 1 branch of the dungeon, and saw 1 of its levels.

Inventory:

Hand Weapons
 a - a +1 dagger (weapon)
Armour
 b - a +0 robe (worn)
Potions
 c - a potion of degeneration {unknown}


   Skills:
 * Level 2.0 Short Blades
 - Level 2.6 Dodging
 + Level 4.7 Stealth
 - Level 2.6 Spellcasting
 - Level 3.6 Hexes


You had 5 spell levels left.
You knew the following spells:

 Your Spells              Type           Power      Damage    Failure   Level
a - Corona                Hex            14%        N/A       4%          1

Your spell library contained the following spells:

 Spells                   Type           Power      Damage    Failure   Level
 Confusing Touch          Hex            13%        N/A       13%         3
 Tukima's Dance           Hex            13%        N/A       13%         3
 Ensorcelled Hibernation  Hex/Ice        14%        N/A       14%         2
 Poisonous Vapours        Pois/Air       4%         N/A       28%         2
 Dazzling Flash           Conj/Hex       14%        N/A       28%         3
 Conjure Flame            Conj/Fire      2%         6-21      50%         3
 Mephitic Cloud           Conj/Pois/Air  2%         N/A       50%         3
 Freezing Cloud           Conj/Ice/Air   1%         6-21      100%        6


Dungeon Overview and Level Annotations

Branches:
Dungeon (1/15)

Altars:


Innate Abilities, Weirdness & Mutations

You are very small and have problems with some larger weapons.
You are too small for most types of armour.
You have supernaturally acute eyesight. (SInv)
You cover ground extremely quickly. (Speed+++)


Message History

The jackal is almost dead.
The jackal bites you.
You hit the jackal.
You kill the jackal!
You barely miss the jackal. You hit the jackal.
The jackal is severely wounded.
You hit the jackal.
The jackal is almost dead.
A quokka comes into view.
You hit the jackal but do no damage.
The jackal is almost dead.
The quokka twitches its whiskers.
You hit the jackal but do no damage.
The jackal is almost dead.
You closely miss the jackal.
The jackal is almost dead.
You barely miss the jackal.
The jackal is almost dead.
You hit the jackal.
You kill the jackal!
Your Short Blades skill increases to level 2!
You have reached level 2!
You hit the quokka.
The quokka is moderately wounded.
The quokka bites you.
You hit the quokka.
The quokka is heavily wounded.
You barely miss the quokka.
The quokka is heavily wounded.
You hit the quokka but do no damage.
The quokka is heavily wounded.
You closely miss the quokka.
The quokka is heavily wounded.
The quokka bites you.
* * * LOW HITPOINT WARNING * * *
You closely miss the quokka.
The quokka is heavily wounded.
The quokka bites you.
You die...

.# #. ..#### #.
###[... ##....# #
#.....###
..#.#######.......#
.>.......##.......#
?........r@.......#
.##.#########.....#
#..##.# #..##.#
....##.# ###.###.#
#.# #.# #.# #.# #.
#.#


You could see a quokka.

Vanquished Creatures
  A ball python (D:1)
  A giant cockroach (D:1)
  A hobgoblin (D:1)
  2 jackals (D:1)
  A kobold (D:1)
  A rat (D:1)
7 creatures vanquished.

Notes
Turn   | Place    | Note
-------+----------+-------------------------------------------
     0 | D:1      | wakim the Spriggan Enchanter began the quest for the Orb.
     0 | D:1      | Reached XP level 1. HP: 9/9 MP: 5/5
   347 | D:1      | Reached XP level 2. HP: 11/13 MP: 6/6
   352 | D:1      | Slain by a quokka

Illustrated notes

Levels and vault maps discovered:
D:1:      doesnt_arrival_eight_statues, layout_loops_ring

Skill      XL: |  1 |
---------------+----+-----
Short Blades   | 2 |  2.0
Dodging        | |  2.6
Stealth        | |  4.7
Spellcasting   | |  2.6
Hexes          | |  3.6

Action                   || total
-------------------------++-------
Melee: Dagger            ||    49
 Stab: Sleeping          ||     1
Armor: Robe              ||     5
Dodge: Dodged            ||    39

Table legend: (Time is in decaauts)
 A = Elapsed time spent in this place.
 B = Non-inter-level travel time spent in this place.
 C = Inter-level travel time spent in this place.
 D = Time resting spent in this place.
 E = Time spent auto-exploring this place.
 F = Levels seen in this place.
 G = Mean time per level.
                   A        B        C        D        E       F      G
               +--------+--------+--------+--------+--------+-----+--------+
         Total |    274 |    274 |      0 |     49 |     74 |   1 |  274.0 |
       Dungeon |    274 |    274 |      0 |     49 |     74 |   1 |  274.0 |
               +--------+--------+--------+--------+--------+-----+--------+

Top non-repeatable levels by time:
     D:1: 274 daAuts
